 Dungeon Crawl Stone Soup version 0.21-a0-150-gc243083 (webtiles) character file.

39 nikopol the Magician (level 3, 0/19 HPs)
             Began as a Deep Elf Fire Elementalist on July 27, 2017.
             Killed from afar by Natasha (3 damage)
             ... with a magic dart
             ... on level 2 of the Dungeon.
             The game lasted 00:05:43 (1447 turns).

nikopol the Magician (Deep Elf Fire Elementalist)   Turns: 1447, Time: 00:05:44

Health: 0/19       AC:  6    Str:  5    XL:     3   Next: 26%
Magic:  1/10       EV: 10    Int: 20    God:
Gold:   94         SH:  8    Dex: 15    Spells: 6/9 levels left

rFire    . . .     SeeInvis .   m - +0 dagger
rCold    . . .     Gourm    .   g - +2 shield {AC+3}
rNeg     . . .     Faith    .   a - +0 robe
rPois    .         Spirit   .   j - +0 helmet
rElec    .         Reflect  .   (no cloak)
rCorr    .         Harm     .   (no gloves)
MR       .....                  (no boots)
Stlth    ++........             (no amulet)
HPRegen  0.06/turn              (no ring)
MPRegen  0.12/turn              (no ring)

@: very slightly contaminated
A: no striking features
a: no special abilities


You were on level 2 of the Dungeon.
You were hungry.

You visited 1 branch of the dungeon, and saw 2 of its levels.

You collected 94 gold pieces.

Inventory:

Hand Weapons
 m - a +0 dagger (weapon)
Armour
 a - a +0 robe (worn)
 g - a +2 shield of protection (worn)
 j - a +0 helmet (worn)
Wands
 p - a wand of digging (2/24)
Scrolls
 d - a scroll of blinking {unknown}
 f - a scroll of amnesia {unknown}
 h - a scroll of teleportation {unknown}
 k - 3 scrolls of remove curse {unknown}
Potions
 e - 3 potions of curing {unknown}
 i - a potion of degeneration {unknown}
 n - 2 potions of mutation {unknown}
Books
 b - a book of Flames

   Spells                             Type                      Level
   a - Flame Tongue                   Conjuration/Fire             1
   b - Throw Flame                    Conjuration/Fire             2
   c - Conjure Flame                  Conjuration/Fire             3
   d - Inner Flame                    Hexes/Fire                   3
   e - Sticky Flame                   Conjuration/Fire             4
   f - Fireball                       Conjuration/Fire             5
Comestibles
 c - a bread ration
 l - a meat ration
 o - a chunk of flesh


   Skills:
 + Level 0.4 Short Blades
 + Level 2.5 Dodging
 + Level 2.6 Stealth
 + Level 3.9 Spellcasting
 + Level 1.5 Conjurations
 + Level 3.8 Fire Magic


You had 6 spell levels left.
You knew the following spells:

 Your Spells              Type           Power        Failure   Level  Hunger
a - Flame Tongue          Conj/Fire      ##...        30%         1    None
b - Throw Flame           Conj/Fire      ##....       41%         2    ##.....


Dungeon Overview and Level Annotations

Branches:
Dungeon (2/15)

Altars:

Annotations:
D:2 Natasha


Message History

Natasha is almost dead.
Natasha claws you but does no damage.
The crimson imp blinks!
The white imp shouts, "Go and return not, thou painted rump-fed codpiece!"
The white imp gestures at you. The puff of frost misses you.
You closely miss Natasha.
Natasha is almost dead.
The white imp disappears in a puff of smoke!
Natasha closely misses you. You block Natasha's attack.
You closely miss Natasha.
Natasha is almost dead.
Natasha casts a spell.
Your shield prevents you from hitting Natasha.
Natasha is almost dead.
Natasha claws you.
* * * LOW HITPOINT WARNING * * *
The crimson imp disappears in a puff of smoke!
Natasha stares at you and mumbles some strange words.
The magic dart hits you!
You die...

######### # #.....).####
##.#...#.##..
######....###.#... ######
#.......#.....(.†#
.#.....##@####....##.###.#
.........5# #...####.#...#
.......h.####..####....###
.........##....###...#####
#
.........#..#....#.#......
#
.......§.#.#..........####
# ....<).....#.#.....#.## #
............#.##.......#.#
#
#.....#.....##>.)........>#


You could see Natasha and a shadow imp.

Vanquished Creatures
  An ooze (D:2)
  A worm (D:2)
  5 bats
  7 goblins
  2 hobgoblins (D:1)
  6 frilled lizards
  5 kobolds
  6 rats
33 creatures vanquished.

Notes
Turn   | Place    | Note
-------+----------+-------------------------------------------
     0 | D:1      | nikopol the Deep Elf Fire Elementalist began the quest for the Orb.
     0 | D:1      | Reached XP level 1. HP: 10/10 MP: 6/6
   230 | D:1      | Reached XP level 2. HP: 15/15 MP: 2/8
   234 | D:1      | Learned a level 2 spell: Throw Flame
  1052 | D:2      | Reached XP level 3. HP: 11/19 MP: 2/10
  1425 | D:2      | Noticed Natasha
  1447 | D:2      | Killed from afar by Natasha

Vault maps used:
D:1:      sevenhm_arrival_forest_fort_small_1, minmay_unequal
D:2:      cheibriados_altar_1, minmay_misc_feat_encased, uniq_natasha,
          uniq_crazy_yiuf_cottage

Action                   || total
-------------------------++-------
Melee: Dagger            ||    30
 Cast: Flame Tongue      ||    66
 Stab: Sleeping          ||     1
  Eat: Chunk             ||     1
Armor: Robe              ||     7
Dodge: Dodged            ||    20
Block: Shield            ||    18
